 Seeded DCSS version 0.30.0-29-ga12c61a403 (webtiles) character file.

Game seed: 4030536004999934454 (custom seed)

15 CInkIbrahim the Shield-Bearer (level 2, 19/19 HPs)
             Began as a Gargoyle Fighter on June 23, 2023.
             Quit the game on level 1 of the Dungeon.
             The game lasted 00:00:24 (872 turns).

CInkIbrahim the Shield-Bearer (Gargoyle Fighter)     Turns: 872, Time: 00:00:25

Health: 19/19      AC:  9    Str: 19    XL:     2   Next: 50%
Magic:  2/2        EV:  9    Int:  8    God:
Gold:   123        SH:  5    Dex:  9    Spells: 1/1 levels left

rFire   . . .        a - +0 war axe
rCold   . . .        c - +1 buckler
rNeg    + . .        b - +0 scale mail
rPois   ∞            (no helmet)
rElec   +            (no cloak)
rCorr   .            (no gloves)
SInv    .            (no boots)
Will    .....        (no amulet) Stlth
                     (no ring)
HPRegen 0.23/turn    (no ring)
MPRegen 0.08/turn

%: no passive effects
@: no status effects
A: sickness immunity, AC +2, negative energy resistance 1, electricity
resistance, torment resistance 1, petrification resistance
a: no special abilities


You were on level 1 of the Dungeon.
You visited 1 branch of the dungeon, and saw 1 of its levels.

You collected 123 gold pieces.

Inventory:

Hand Weapons
 a - a +0 war axe (weapon)
Armour
 b - a +0 scale mail (worn)
 c - a +1 buckler (worn)
Scrolls
 e - a scroll of identify
 g - a scroll of teleportation
Potions
 d - 2 potions of might
 h - a potion of lignification {unknown}
 j - a potion of invisibility {unknown}


   Skills:
 - Level 3.2 Fighting
 + Level 2.7 Axes
 - Level 3.2 Armour
 - Level 3.2 Shields


You had one spell level left.
You didn't know any spells.
Your spell library contained the following spells:

 Spells                   Type           Power      Damage    Failure   Level
 Malign Gateway           Summ/Tloc      0%         N/A       100%        7
 Summon Horrible Things   Summ           0%         N/A       100%        8


Dungeon Overview and Level Annotations

Branches:
Dungeon (1/15)

Altars:


Innate Abilities, Weirdness & Mutations

You are immune to sickness and miasma.
Your stone body is resilient. (AC +2)
You are immune to poison.
You resist negative energy. (rN+)
You are resistant to electric shocks. (rElec)
You are resistant to unholy torment.
You are immune to petrification.


Message History

Key pressed, stopping explore.
No target in view!
Found a sling.
No target in view!
There is a dry fountain here.
Key pressed, stopping explore.
No target in view!
Done exploring.
No target in view!
Done exploring.
No target in view!
Done exploring.
No target in view!
Done exploring.
No target in view!
Done exploring.
No target in view!
Done exploring.
No target in view!
Done exploring.
No target in view!
Done exploring.
No target in view!
Done exploring.
No target in view!
Done exploring.
No target in view!
As you read the scroll labelled LELIFI GIPS, it crumbles to dust.
It is a scroll of identify.
g - a scroll of teleportation
Okay, then.
As you read the scroll labelled JUENWO QE JOENT, it crumbles to dust.
It is a scroll of amnesia.
You feel forgetful for a moment.
As you read the scroll labelled RYFALEGUALO, it crumbles to dust.
It is a scroll of enchant armour.
Your +0 buckler glows green for a moment.
As you read the scroll labelled XUBRY SENOPEY, it crumbles to dust.
You feel momentarily disoriented.
It was a scroll of magic mapping.
Are you sure you want to abandon this character and quit the game? (Confirm with "yes".)

.......#.#.#.#.##.#.#
.............#.##.#.#
.#.#.#.#...###.##.#.#
.#.#.#..............#
.#.....#...########.#
.....#.#...# #.#
...........# #.#
.#.#.#.#...########.##
.#..............@....#
.#.....#..############
.................#
...##..#..######)#
...##..#..######.#
#..##..#.......#.#
#..##.##.#####.#.#
...............#.#
#.###.##.####..#.#


There were no monsters in sight!

Vanquished Creatures
  A ball python (D:1)
  2 endoplasms (D:1)
  2 giant cockroaches (D:1)
  2 goblins (D:1)
  A hobgoblin (D:1)
  A kobold (D:1)
  2 frilled lizards (D:1)
  2 rats (D:1)
13 creatures vanquished.

Notes
Turn   | Place    | Note
-------+----------+-------------------------------------------
     0 | D:1      | CInkIbrahim the Gargoyle Fighter began the quest for the
                  | Orb.
     0 | D:1      | Reached XP level 1. HP: 14/14 MP: 1/1
   117 | D:1      | Reached XP level 2. HP: 19/19 MP: 2/2
   872 | D:1      | Quit the game

Illustrated notes

Levels and vault maps discovered:
D:1:      dpeg_arrival_leaves_temple_mockup, layout_basic, minmay_3d_cube

Skill      XL: |  1 |
---------------+----+-----
Axes           | 2 |  2.7
Fighting       | |  3.2
Armour         | |  3.2
Shields        | |  3.2

Action                     || total
---------------------------++-------
  Melee: War axe           ||    43
    Use: Scroll            ||     4
 Armour: Scale mail        ||    21
  Dodge: Dodged            ||    17
  Block: Buckler           ||     9
